 Dungeon Crawl Stone Soup version 0.27.1-4-g1640c2035a (webtiles) character file.

Game seed: 3590698179357438275

461 bellerephron the Shield-Bearer (level 6, -3/48 HPs)
             Began as a Demonspawn Fighter on Nov 7, 2021.
             Slain by a shadow (8 damage)
             ... on level 5 of the Dungeon.
             The game lasted 00:06:00 (4021 turns).

bellerephron the Shield-Bearer (Demonspawn Fighter) Turns: 4021, Time: 00:06:00

Health: -3/48      AC:  7    Str: 18    XL:     6   Next: 79%
Magic:  6/6        EV:  7    Int: 10    God:
Gold:   181        SH:  9    Dex: 12    Spells: 5/5 levels left

rFire    . . .     SeeInvis .   a - +0 war axe
rCold    . . .     Faith    .   c - +0 kite shield
rNeg     . . .     Spirit   .   b - +0 scale mail
rPois    +         Reflect  .   (no helmet)
rElec    .         Harm     .   (no cloak)
rCorr    .         Rampage  .   (no gloves)
Will     .....                  (no boots)
Stlth    ..........             x - amulet of magic regeneration
HPRegen  0.16/turn              e - ring of poison resistance
MPRegen  0.45/turn              (no ring)

@: no status effects
A: talons 1, magic regeneration
a: no special abilities


You were on level 5 of the Dungeon.
You visited 1 branch of the dungeon, and saw 5 of its levels.

You collected 181 gold pieces.

Inventory:

Hand Weapons
 a - a +0 war axe (weapon)
 t - a +1 dagger of speed
 u - the +8 hunting sling "Ludgh" {vorpal, rC+ Str-5 Dex+2}
   (You found it on level 4 of the Dungeon)

   Any ammunition fired from it inflicts extra damage upon your enemies.
   Str:       It affects your strength (-5).
   Dex:       It affects your dexterity (+2).
   rC:        It protects you from cold.
Missiles
 l - 21 stones
 n - 3 boomerangs (quivered)
 y - 16 poisoned darts
Armour
 b - a +0 scale mail (worn)
 c - a +0 kite shield (worn)
Jewellery
 e - a ring of poison resistance (left hand)
 p - a +6 ring of intelligence
 x - an amulet of magic regeneration (around neck)
Scrolls
 g - 3 scrolls of teleportation {unknown}
 i - 2 scrolls of identify {unknown}
 j - a scroll of fog {unknown}
 o - a scroll of magic mapping {unknown}
 v - a scroll of enchant weapon {unknown}
 w - a scroll of acquirement {unknown}
Potions
 d - 2 potions of might
 f - 2 potions of attraction {unknown}
 h - 2 potions of berserk rage {unknown}
 k - 2 potions of resistance {unknown}
 m - a potion of cancellation {unknown}
 q - a potion of flight {unknown}
 r - a potion of brilliance {unknown}
 s - a potion of curing {unknown}


   Skills:
 + Level 3.8 Fighting
 + Level 4.2 Axes
 + Level 3.8 Armour
 + Level 0.6 Dodging
 * Level 4.4 Shields


You had 5 spell levels left.
You didn't know any spells.
Your spell library contained the following spells:

 Spells                   Type           Power      Damage    Failure   Level
 Magic Dart               Conj           0%         1d3       99%         1
 Shock                    Conj/Air       0%         1d3       99%         1
 Call Imp                 Summ           0%         N/A       100%        2
 Sublimation of Blood     Necr           0%         N/A       100%        2
 Wereblood                Tmut           0%         N/A       100%        2
 Mephitic Cloud           Conj/Pois/Air  0%         N/A       100%        3
 Swiftness                Air            0%         N/A       100%        3
 Airstrike                Air            0%         N/A       100%        4
 Summon Hydra             Summ           0%         N/A       100%        7


Dungeon Overview and Level Annotations

Branches:
Dungeon (5/15)
 Temple: D:4-7

Altars:

Shops:
D:4 =

Annotations:
D:5 2 transporters, unlimited1921's ghost, novice GnAM


Innate Abilities, Weirdness & Mutations

You have sharp toenails.
You regenerate magic rapidly.


Message History

Press: ? - help, Q - select action, (/) - cycle Shift-Dir - straight line, f/p - shadow
Aim: a shadow (57% to hit)
You throw a boomerang. The boomerang barely misses the shadow.
The shadow hits you.
Unknown command.
You hit the shadow but do no damage. You block the shadow's attack.
You barely miss the shadow. Your kick misses the shadow.
You block the shadow's attack.
The shadow slips into darkness.
The shadow flickers and vanishes!
Deactivating autopickup; reactivate with Ctrl-A.
Unknown command.
You completely miss something.
The shadow strikes at you from the darkness!
Reactivating autopickup.
Unknown command.
You hit the shadow. You claw the shadow!
The shadow is heavily damaged.
The shadow hits you! You block the shadow's attack.
You hit the shadow but do no damage. You claw the shadow.
The shadow is severely damaged.
You block the shadow's attack.
You barely miss the shadow. You claw the shadow!
The shadow is almost destroyed.
The shadow slips into darkness.
The shadow flickers and vanishes!
Deactivating autopickup; reactivate with Ctrl-A.
The shadow strikes at you from the darkness!
* * * LOW HITPOINT WARNING * * *
Reactivating autopickup.
Unknown command.
You closely miss the shadow. You claw the shadow, but do no damage.
The shadow is almost destroyed.
The shadow slips into darkness.
The shadow flickers and vanishes!
Deactivating autopickup; reactivate with Ctrl-A.
Unknown command.
You barely miss something. You claw something.
The shadow strikes at you from the darkness!
You die...

#.................[.#...
#......#......<......#..
#......#..>.............
........................
#......................#
#......................
.#.....................
.....##......##...... .
.##..{@............. ..
##...##...##...#. ..
....####...# .## #....#
#...# ##... ...). #..
.... ###


There were no monsters in sight!

Vanquished Creatures
  A water moccasin (D:4)
  A phantom (D:4)
  A scorpion (D:4)
  A howler monkey (D:4)
  A hound (D:4)
  An iguana (D:2)
  A hound skeleton (D:4)
  4 adders
  An adder skeleton (D:4)
  3 worms
  3 dart slugs
  2 orcs (D:4)
  7 ball pythons
  5 bats
  7 endoplasms
  2 giant cockroaches
  4 hobgoblins
  6 jackals (D:4)
  4 quokkas
  2 frilled lizards (D:1)
  7 goblins
  4 kobolds
  A rat (D:2)
69 creatures vanquished.

Vanquished Creatures (others)
  A fungus (D:2)
1 creature vanquished.

Grand Total: 70 creatures vanquished

Notes
Turn   | Place    | Note
-------+----------+-------------------------------------------
     0 | D:1      | bellerephron the Demonspawn Fighter began the quest for the
                  | Orb.
     0 | D:1      | Reached XP level 1. HP: 18/18 MP: 1/1
   290 | D:1      | Gained mutation: You have sharp toenails. [demonic
                  | ancestry]
   290 | D:1      | Reached XP level 2. HP: 19/24 MP: 2/2
  1059 | D:2      | Reached XP level 3. HP: 28/29 MP: 3/3
  1581 | D:2      | Found a faded altar of an unknown god.
  1698 | D:2      | Reached XP level 4. HP: 34/35 MP: 4/4
  2620 | D:4      | Noticed a scorpion
  2631 | D:4      | Killed a scorpion
  2632 | D:4      | Gained mutation: You regenerate magic rapidly. [demonic
                  | ancestry]
  2632 | D:4      | Reached XP level 5. HP: 16/42 MP: 5/5
  2856 | D:4      | Found Bar Nuil's Jewellery Boutique.
  2885 | D:4      | Noticed a phantom
  2898 | D:4      | Killed a phantom
  2899 | D:4      | Reached XP level 6. HP: 8/48 MP: 6/6
  3303 | D:4      | Identified the +8 hunting sling "Ludgh" {vorpal, rC+ Str-5
                  | Dex+2}
  3353 | D:4      | Noticed a water moccasin
  3358 | D:4      | Killed a water moccasin
  3960 | D:5      | Entered Level 5 of the Dungeon
  3960 | D:5      | Noticed unlimited1921's ghost (novice GnAM)
  3960 | D:5      | Found a transporter.
  3960 | D:5      | Found a transporter.
  4010 | D:5      | Noticed a shadow
  4021 | D:5      | Slain by a shadow

Illustrated notes

Levels and vault maps discovered:
D:1:      eino_arrival_tree_alley, layout_basic, grunt_decor_resistance
D:2:      layout_loops_ring, shapermc_ecumenical_altar_acropolis,
          minmay_misc_feat_ornament
D:3:      layout_rooms, grunt_ministairs_14
D:4:      layout_cave_pods, serial_shops, shop_statue, minmay_unequal
D:5:      layout_cave_pools, minmay_temple_entry_from_below_a,
          gammafunk_ghost_mausoleum, minmay_fractal_squares_5

Skill      XL: |  1  2  3  4  5  6 |
---------------+-------------------+-----
Shields        | 3 4 |  4.4
Axes           | 2 3 4 |  4.2
Armour         | 3 |  3.8
Fighting       | |  3.8
Dodging        | |  0.6

Action                   |  1- 3 |  4- 6 || total
-------------------------+-------+-------++-------
Melee: War axe           |    74 |   131 ||   205
       Kick              |     7 |    35 ||    42
Throw: Stone             |     1 |     3 ||     4
       Boomerang         |       |     3 ||     3
Armor: Scale mail        |    31 |    49 ||    80
Dodge: Dodged            |    27 |    39 ||    66
Block: Kite shield       |    27 |    77 ||   104
